 Dungeon Crawl Stone Soup version 0.27-a0-419-g7a85846853 (webtiles) character file.

Game seed: 15842589931822077062

426 Morbidden the Gusty (level 6, -8/44 HPs)
             Began as a Demonspawn Air Elementalist on Feb 26, 2021.
             Mangled by an orc wizard
             ... wielding a +2 dagger of electrocution
              (12 damage)
             ... on level 4 of the Dungeon.
             The game lasted 00:06:33 (4176 turns).

Morbidden the Gusty (Demonspawn Air Elementalist)   Turns: 4176, Time: 00:06:33

Health: -8/44      AC:  5    Str:  8    XL:     6   Next: 64%
Magic:  8/11       EV: 13    Int: 18    God:
Gold:   170        SH:  0    Dex: 20    Spells: 8/12 levels left

rFire    . . .     SeeInvis .     - Unarmed
rCold    . . .     Faith    .   (no shield)
rNeg     . . .     Spirit   .   a - +0 robe
rPois    .         Reflect  .   (no helmet)
rElec    .         Harm     .   (no cloak)
rCorr    .         Rampage  .   (no gloves)
Will     .....                  (no boots)
Stlth    ++........             b - amulet of regeneration
HPRegen  1.14/turn              d - +6 ring of dexterity
MPRegen  0.12/turn              (no ring)

@: no status effects
A: claws 1, yellow scales 2
a: no special abilities


You were on level 4 of the Dungeon.
You visited 1 branch of the dungeon, and saw 4 of its levels.

You collected 170 gold pieces.

Inventory:

Missiles
 k - 3 poisoned darts (quivered)
Armour
 a - a +0 robe (worn)
Jewellery
 b - an amulet of regeneration (around neck)
 d - a +6 ring of dexterity (left claw)
 n - a ring of fire
Scrolls
 e - 3 scrolls of teleportation {unknown}
 f - 2 scrolls of enchant weapon {unknown}
 g - 2 scrolls of amnesia {unknown}
 h - 5 scrolls of identify {unknown}
 l - a scroll of enchant armour {unknown}
Potions
 c - a potion of invisibility {unknown}
 i - a potion of attraction {unknown}
 j - 3 potions of curing {unknown}
 m - a potion of heal wounds {unknown}
 o - a potion of might {unknown}


   Skills:
 * Level 2.0 Fighting
 + Level 0.2 Short Blades
 + Level 2.6 Dodging
 + Level 2.1 Stealth
 * Level 2.2 Unarmed Combat
 * Level 3.8 Spellcasting
 + Level 1.7 Conjurations
 * Level 4.1 Air Magic


You had 8 spell levels left.
You knew the following spells:

 Your Spells              Type           Power        Failure   Level
a - Shock                 Conj/Air       52%          4%          1
b - Static Discharge      Conj/Air       13%          14%         3

Your spell library contained the following spells:

 Spells                   Type           Power        Failure   Level
 Swiftness                Air            18%          4%          2
 Airstrike                Air            9%           28%         4
 Lightning Bolt           Conj/Air       6%           77%         5


Dungeon Overview and Level Annotations

Branches:
Dungeon (4/15)
 Temple: D:4-7

Altars:

Shops:
D:4 =

Annotations:
D:2 1 runed translucent door, Crazy Yiuf


Innate Abilities, Weirdness & Mutations

You have sharp fingernails.
You are mostly covered in yellow scales. (AC +3)


Message History

You feel a bit more experienced.
The orc wizard points at you and mumbles some strange words.
The magic dart hits you.
The jackal bites you but does no damage.
The orc wizard hits you with a +2 dagger of electrocution.
You are electrocuted!
The jackal closely misses you.
Things that are here:
a +0 dagger; a +0 robe You scratch the orc wizard but do no damage.
The orc wizard completely misses you. The jackal misses you.
You barely miss the orc wizard.
The jackal bites you but does no damage.
The orc wizard hits you but does no damage.
You are electrocuted!!
* * * LOW HITPOINT WARNING * * *
You scratch the orc wizard.
The orc wizard is lightly wounded.
The jackal bites you but does no damage.
The orc wizard points at you and mumbles some strange words.
The puff of flame hits you.
* * * LOW HITPOINT WARNING * * *
The jackal closely misses you.
Unknown command.
Unknown command.
Unknown command.
Unknown command.
Casting: Shock (safe; 4% risk of failure)
Confirm with . or Enter, or press ? or * to list all spells.
The jackal is struck by an arc of lightning!
You kill the jackal!
You are struck by an arc of lightning.
* * * LOW HITPOINT WARNING * * *
The lightning grounds out.
The orc wizard gestures at itself while chanting.
The orc wizard flickers and vanishes!
Deactivating autopickup; reactivate with Ctrl-A.
Something hits you.
* * * LOW HITPOINT WARNING * * *
You are electrocuted!
You die...

. .. ... .... .$...
#######
....$.######8.8.8##
#o{@†.##.⌠.⌠..#...
#####<##8.∩.8.....
########÷...⌠.⌠......
..=......)#8.8.8##...
..............### .
........<()..##
.........#####
.....##### .##..


You could see an orc.

Vanquished Creatures
  An ice beast (D:3)
  An orc priest (D:3)
  Terence (D:2)
  3 orc wizards
  3 gnolls
  8 adders
  3 worms
  A dart slug (D:1)
  2 leopard geckos
  15 orcs
  3 giant cockroaches
  13 goblins
  5 hobgoblins
  9 jackals
  13 kobolds
  2 quokkas
  6 bats
  6 frilled lizards
  6 rats
101 creatures vanquished.

Notes
Turn   | Place    | Note
-------+----------+-------------------------------------------
     0 | D:1      | Morbidden the Demonspawn Air Elementalist began the quest
                  | for the Orb.
     0 | D:1      | Reached XP level 1. HP: 13/13 MP: 3/3
   103 | D:1      | Reached skill level 3 in Air Magic
   318 | D:1      | Gained mutation: You are partially covered in yellow
                  | scales. (AC +2) [demonic ancestry]
   318 | D:1      | Reached XP level 2. HP: 19/19 MP: 1/5
   757 | D:1      | Reached XP level 3. HP: 24/24 MP: 6/6
  1264 | D:1      | Learned a level 3 spell: Static Discharge
  1354 | D:2      | Noticed Terence
  1385 | D:2      | Killed Terence
  1436 | D:2      | Gained mutation: You have sharp fingernails. [demonic
                  | ancestry]
  1436 | D:2      | Reached XP level 4. HP: 31/31 MP: 5/7
  1567 | D:2      | Reached skill level 1 in Fighting
  2322 | D:2      | Found a runed translucent door.
  2323 | D:2      | Noticed Crazy Yiuf
  2614 | D:3      | Gained mutation: You are mostly covered in yellow scales.
                  | (AC +3) [demonic ancestry]
  2614 | D:3      | Reached XP level 5. HP: 27/37 MP: 1/9
  3246 | D:3      | Reached skill level 1 in Unarmed Combat
  3401 | D:3      | Reached XP level 6. HP: 38/44 MP: 11/11
  3412 | D:3      | Noticed an ice beast
  3421 | D:3      | Killed an ice beast
  3617 | D:3      | Reached skill level 4 in Air Magic
  4051 | D:4      | Found Sanusk's Jewellery Shop.
  4176 | D:4      | Mangled by an orc wizard

Illustrated notes

Levels and vault maps discovered:
D:1:      amcnicky_arrival_flooded_fountain, layout_basic
D:2:      minmay_angry_zag, layout_rooms, kennysheep_cross_room,
          uniq_crazy_yiuf_cottage, uniq_terence
D:3:      layout_loops_ring
D:4:      layout_rooms, overflow_temple_1_default, serial_shops,
          kennysheep_mini_moat, nicolae_shop_temple_entry_statues_fountains

Skill      XL: |  1  2  3  4  5  6 |
---------------+-------------------+-----
Air Magic      | 3 4 |  4.1
Dodging        | 2 |  2.6
Stealth        | 2 |  2.1
Fighting       | 1 2 |  2.0
Spellcasting   | 3 |  3.8
Unarmed Combat | 1 2 |  2.2
Short Blades   | |  0.2
Conjurations   | |  1.7

Action                   |  1- 3 |  4- 6 || total
-------------------------+-------+-------++-------
Melee: Unarmed           |    10 |   175 ||   185
       Short sword       |    58 |       ||    58
       Dagger            |    13 |       ||    13
 Cast: Shock             |    55 |   147 ||   202
       Static Discharge  |       |     3 ||     3
 Stab: Sleeping          |     1 |       ||     1
Armor: Robe              |    22 |    38 ||    60
Dodge: Dodged            |    72 |   160 ||   232

Table legend: (Time is in decaauts)
 A = Elapsed time spent in this place.
 B = Non-inter-level travel time spent in this place.
 C = Inter-level travel time spent in this place.
 D = Time resting spent in this place.
 E = Time spent auto-exploring this place.
 F = Levels seen in this place.
 G = Mean time per level.
                   A        B        C        D        E       F      G
               +--------+--------+--------+--------+--------+-----+--------+
         Total |   4179 |   4082 |     97 |    248 |   3044 |   4 | 1044.8 |
       Dungeon |   4179 |   4082 |     97 |    248 |   3044 |   4 | 1044.8 |
               +--------+--------+--------+--------+--------+-----+--------+

Top non-repeatable levels by time:
     D:3: 1441 daAuts
     D:2: 1340 daAuts
     D:1: 1262 daAuts
     D:4: 135 daAuts
